 Dungeon Crawl Stone Soup version 0.26-a0-812-g31a745ddcd (webtiles) character file.

Game seed: 7692448479334046995

122 robertstho the Chiller (level 4, -2/24 HPs)
             Began as a Deep Elf Ice Elementalist on Nov 13, 2020.
             Slain by a gnoll
             ... wielding a +0 spear
              (6 damage)
             ... on level 3 of the Dungeon.
             The game lasted 00:02:32 (2028 turns).

robertstho the Chiller (Deep Elf Ice Elementalist)  Turns: 2028, Time: 00:02:33

Health: -2/24      AC:  3    Str:  5    XL:     4   Next: 78%
Magic:  7/12       EV: 13    Int: 21    God:
Gold:   103        SH:  0    Dex: 15    Spells: 10/11 levels left

rFire    + . .     SeeInvis .   g - +1 dagger (drain)
rCold    . . .     Faith    .   (no shield)
rNeg     . . .     Spirit   .   a - +0 robe
rPois    .         Reflect  .   (no helmet)
rElec    .         Harm     .   (no cloak)
rCorr    .         Rampage  .   p - +0 pair of gloves
MR       .....                  (no boots)
Stlth    +++.......             (no amulet)
HPRegen  0.08/turn              d - ring of protection from cold
MPRegen  0.13/turn              n - ring of fire

@: brilliant
A: no striking features
a: no special abilities


You were on level 3 of the Dungeon.
You visited 1 branch of the dungeon, and saw 3 of its levels.

You collected 103 gold pieces.

Inventory:

Hand Weapons
 b - a +0 spear
 g - a +1 dagger of draining (weapon)
Missiles
 l - 11 poisoned darts (quivered)
Armour
 a - a +0 robe (worn)
 p - a +0 pair of gloves (worn)
Jewellery
 d - a ring of protection from cold (left hand)
 m - an uncursed ring of resist corrosion
 n - a ring of fire (right hand)
Scrolls
 e - 3 scrolls of remove curse {unknown}
 f - 2 scrolls of enchant armour {unknown}
 h - 3 scrolls of identify {unknown}
 i - a scroll of magic mapping {unknown}
 k - a scroll of fog {unknown}
 o - a scroll of fear {unknown}
Potions
 j - a potion of invisibility {unknown}


   Skills:
 + Level 0.5 Fighting
 + Level 0.2 Short Blades
 + Level 0.5 Polearms
 + Level 2.8 Dodging
 + Level 3.7 Stealth
 * Level 4.1 Spellcasting
 * Level 5.3 Ice Magic


You had 10 spell levels left.
You knew the following spells:

 Your Spells              Type           Power        Failure   Level
a - Freeze                Ice            ####         1%          1

Your spell library contained the following spells:

 Spells                   Type           Power        Failure   Level
 Frozen Ramparts          Ice            #####.       4%          3
 Ozocubu's Armour         Ice            #####...     4%          3
 Hailstorm                Conj/Ice       ###.....     36%         4
 Summon Ice Beast         Ice/Summ       ###.....     36%         4


Dungeon Overview and Level Annotations

Branches:
Dungeon (3/15)

Altars:
Nemelex Xobeh


Message History

You freeze the gnoll.
The gnoll is heavily wounded.
The gnoll barely misses you.
The gnoll hits you from afar with a +0 spear.
* * * LOW HITPOINT WARNING * * *
Casting: Freeze (safe; 1% risk of failure)
Confirm with . or Enter, or press ? or * to list all spells.
Aiming: Freeze (safe; 1% risk of failure)
Press: ? - help, Shift-Dir - straight line, f/p - gnoll
Aim: a gnoll (heavily wounded, heavily drained)
You freeze the gnoll.
The gnoll is almost dead.
The gnoll hits you.
* * * LOW HITPOINT WARNING * * *
The gnoll closely misses you.
It was a potion of brilliance.
You feel clever all of a sudden. The gnoll hits you but does no damage.
The gnoll hits you from afar with a +0 spear.
You die...

... +##### ..
...... .# .P...
###. ....
#####..#
#..###......#
#..#.......g#
#..).......g#
#..........@#
#.†.........#
##..........#
#.....<....#
#..........#
#............#
##########.....
#..... ......


You could see 2 gnolls.

Vanquished Creatures
  Natasha (D:3)
  A gnoll (D:3)
  3 adders (D:2)
  2 worms (D:2)
  3 dart slugs (D:1)
  A leopard gecko (D:2)
  An orc (D:3)
  A ball python (D:1)
  A giant cockroach (D:1)
  7 goblins
  4 hobgoblins
  4 jackals (D:1)
  5 bats
  A frilled lizard (D:1)
  5 kobolds
  9 rats
49 creatures vanquished.

Notes
Turn   | Place    | Note
-------+----------+-------------------------------------------
     0 | D:1      | robertstho the Deep Elf Ice Elementalist began the quest
                  | for the Orb.
     0 | D:1      | Reached XP level 1. HP: 10/10 MP: 6/6
   194 | D:1      | Reached XP level 2. HP: 15/15 MP: 8/8
   716 | D:1      | Reached skill level 5 in Ice Magic
   827 | D:1      | Reached XP level 3. HP: 13/19 MP: 3/9
  1567 | D:2      | Reached XP level 4. HP: 23/24 MP: 11/11
  1910 | D:2      | Found a sparkling altar of Nemelex Xobeh.
  1986 | D:3      | Noticed Natasha
  1993 | D:3      | Killed Natasha
  2028 | D:3      | Slain by a gnoll

Illustrated notes

Levels and vault maps discovered:
D:1:      dpeg_arrival_oval, layout_basic, minmay_misc_feat_four_crosses,
          roderic_roman_lattice, chequers_serial_rivers_small_3
D:2:      layout_loops_ring, small_statue_intersection, st_stairs_5,
          nemelex_xobeh_ov_fountains_minmay, uniq_crazy_yiuf_cottage
D:3:      layout_rooms, gup_sewer_entry_pipe, chequers_ecumenical_altar_lobes,
          uniq_natasha

Skill      XL: |  1  2  3  4 |
---------------+-------------+-----
Ice Magic      | 5 |  5.3
Stealth        | 3 |  3.7
Spellcasting   | 4 |  4.1
Fighting       | |  0.5
Short Blades   | |  0.2
Polearms       | |  0.5
Dodging        | |  2.8

Action                   |  1- 3 |  4- 6 || total
-------------------------+-------+-------++-------
Melee: Spear             |    30 |       ||    30
       Unarmed           |     1 |       ||     1
       Dagger            |    64 |    15 ||    79
 Cast: Freeze            |    19 |     8 ||    27
  Use: Potion            |       |     1 ||     1
 Stab: Sleeping          |     8 |     2 ||    10
Armor: Robe              |    26 |     6 ||    32
Dodge: Dodged            |    77 |    12 ||    89

Table legend: (Time is in decaauts)
 A = Elapsed time spent in this place.
 B = Non-inter-level travel time spent in this place.
 C = Inter-level travel time spent in this place.
 D = Time resting spent in this place.
 E = Time spent auto-exploring this place.
 F = Levels seen in this place.
 G = Mean time per level.
                   A        B        C        D        E       F      G
               +--------+--------+--------+--------+--------+-----+--------+
         Total |   2031 |   1990 |     41 |      0 |   1636 |   3 |  677.0 |
       Dungeon |   2031 |   1990 |     41 |      0 |   1636 |   3 |  677.0 |
               +--------+--------+--------+--------+--------+-----+--------+

Top non-repeatable levels by time:
     D:1: 1290 daAuts
     D:2: 698 daAuts
     D:3: 41 daAuts
